 Dungeon Crawl Stone Soup version 0.17-a0-1497-g03599f7 (webtiles) character file.

105 urechis the Slasher (level 4, -3/37 HPs)
             Began as a Demonspawn Gladiator on July 6, 2015.
             Slain by Sigmund
             ... wielding a +0 scythe
              (11 damage)
             ... on level 3 of the Dungeon.
             The game lasted 00:02:55 (1420 turns).

urechis the Slasher (Demonspawn Gladiator)          Turns: 1420, Time: 00:02:55

Health: -3/37      AC:  4    Str: 15    XL:     4   Next: 53%
Magic:  4/4        EV: 12    Int: 10    God:
Gold:   89         SH:  0    Dex: 14    Spells: 0 memorised, 3 levels left

rFire  . . .     SeeInvis +     a - +0 long sword
rCold  . . .     Clarity  .     b - +0 leather armour
rNeg   + . .     SustAt   .     (no shield)
rPois  .         Gourm    .     c - +0 helmet
rElec  .         Spirit   .     (no cloak)
rCorr  .         Warding  .     (no gloves)
rMut   .         Stasis   .     (no boots)
MR     .....                    g - amulet of regeneration
Stlth  +.........               t - ring of see invisible
                                i - ring of positive energy

@: not resistant to hostile enchantments, very unstealthy
A: demonic guardian 1
a: no special abilities


You were on level 3 of the Dungeon.
You were not hungry.

You visited 1 branch of the dungeon, and saw 3 of its levels.

You collected 89 gold pieces.

Inventory:

Hand weapons
 a - a +0 long sword (weapon)
Missiles
 d - 3 throwing nets (quivered)
Armour
 b - a +0 leather armour (worn)
 c - a +0 helmet (worn)
Jewellery
 g - an amulet of regeneration (around neck)
 i - a ring of positive energy (left hand)
 t - a ring of see invisible (right hand)
 u - an uncursed amulet of resist corrosion
Magical devices
 o - a wand of frost (33)
 w - a wand of slowing (14)
 x - a wand of flame (13)
Scrolls
 h - a scroll of random uselessness {unknown}
 n - a scroll of remove curse {unknown}
 p - 3 scrolls of identify {unknown}
 r - a scroll of noise {unknown}
Potions
 j - a potion of haste {unknown}
 k - a potion of curing {unknown}
 l - a potion of poison {unknown}
 m - a potion of brilliance {unknown}
 q - a potion of resistance {unknown}
 s - a potion of mutation {unknown}
 z - 2 potions of lignification {unknown}
Comestibles
 e - a bread ration
 f - a beef jerky


   Skills:
 + Level 3.7 Fighting
 + Level 3.8 Long Blades
 - Level 1.7 Throwing
 - Level 2.6 Dodging


You had 3 spell levels left.
You didn't know any spells.

Dungeon Overview and Level Annotations

Branches:
Dungeon (3/15)

Altars:
Cheibriados
Fedhas
Trog

Annotations:
D:3 Sigmund


Innate Abilities, Weirdness & Mutations

A weak demonic guardian rushes to your aid.


Message History

You hit Sigmund but do no damage. Sigmund casts a spell at you.
The magic dart hits you! Sigmund hits you with a scythe.
You hit Sigmund.
Sigmund is lightly wounded.
You closely miss Sigmund.
Sigmund is lightly wounded.
Sigmund hits you with a scythe!
You barely miss Sigmund.
Sigmund is lightly wounded.
Your iron imp hits Sigmund.
Sigmund hits you with a scythe!
* * * LOW HITPOINT WARNING * * *
You hit Sigmund.
Sigmund is heavily wounded.
Your iron imp completely misses Sigmund.
Sigmund barely misses you.
You hit Sigmund.
Sigmund is heavily wounded.
Your iron imp barely misses Sigmund.
Sigmund hits you with a scythe!
You die...

. #.
#@####
....# ...#
..# ####.#
#<@#.#
#.5@.#
#.....##
#.......
##.......#
#.......+
#####...#
.... .....


You could see Sigmund and a friendly iron imp.

Vanquished Creatures
  Natasha (twice) (D:2)
  3 adders (D:2)
  2 worms (D:2)
  A giant gecko (D:2)
  2 ball pythons (D:1)
  2 bats (D:2)
  4 giant cockroaches
  5 goblins
  4 hobgoblins
  2 jackals (D:2)
  7 kobolds
  A quokka (D:2)
  A giant newt (D:1)
  6 rats
42 creatures vanquished.

Vanquished Creatures (collateral kills)
  Natasha (D:2)
  A giant gecko (D:2)
2 creatures vanquished.

Grand Total: 44 creatures vanquished

Notes
Turn   | Place    | Note
--------------------------------------------------------------
     0 | D:1      | urechis the Demonspawn Gladiator began the quest for the Orb.
     0 | D:1      | Reached XP level 1. HP: 16/16 MP: 1/1
   304 | D:1      | Reached skill level 3 in Long Blades
   304 | D:1      | Gained mutation: A weak demonic guardian rushes to your aid. [demonic ancestry]
   304 | D:1      | Reached XP level 2. HP: 20/23 MP: 2/2
   796 | D:2      | Noticed Natasha
   813 | D:2      | Killed Natasha
   813 | D:2      | Reached XP level 3. HP: 18/29 MP: 3/3
   861 | D:2      | Found a snail-covered altar of Cheibriados.
  1088 | D:2      | Found a bloodstained altar of Trog.
  1136 | D:2      | Noticed Natasha
  1144 | D:2      | Killed Natasha
  1144 | D:2      | Reached XP level 4. HP: 35/35 MP: 4/4
  1273 | D:2      | Found a blossoming altar of Fedhas.
  1332 | D:2      | Noticed Natasha
  1338 | D:2      | Killed Natasha
  1407 | D:3      | Noticed Sigmund
  1420 | D:3      | Slain by Sigmund

Vault maps used:
D:1:      nagdon_arrival_zigzag_paths, st_stairs_1
D:2:      lightli_temple_of_fire, fedhas_altar_2, overflow_temple_1_default,
          uniq_natasha
D:3:      tgw_xom, lemuel_round_altar, gup_sewer_entry_spiral, uniq_grinder,
          uniq_sigmund

Action                   |  1- 3 |  4- 6 || total
-------------------------+-------+-------++-------
Melee: Long sword        |   115 |    40 ||   155
  Eat: Chunk             |     1 |     2 ||     3
